 Dungeon Crawl Stone Soup version 0.28-a0-533-g9f97627e2a (webtiles) character file.

Game seed: 12213771142622307205

49878 MirrMurr the Spry (level 14, -24/70 HPs)
             Began as a Felid Berserker on Sept 23, 2021.
             Was the Champion of Trog.
             Blown up by an orb spider (57 damage)
             ... with an orb of destruction
             ... on level 1 of the Spider Nest on Sept 25, 2021.
             The game lasted 01:07:32 (36622 turns).

MirrMurr the Spry (Felid Berserker)                Turns: 36622, Time: 01:07:32

Health: -24/70     AC:  7    Str: 13    XL:     14   Next: 17%
Magic:  15/15      EV: 52    Int:  8    God:    Trog [******]
Gold:   2064       SH:  0    Dex: 21    Spells: 13/13 levels left
                                        Lives:  0   Deaths: 4

rFire   . . .      SeeInvis +     - Unarmed
rCold   + . .      Faith    .   (shield unavailable)
rNeg    . . .      Spirit   .   (armour unavailable)
rPois   +          Reflect  .   (helmet unavailable)
rElec   .          Harm     .   (cloak unavailable)
rCorr   .          Rampage  .   (gloves unavailable)
Will    ++...                   (boots unavailable)
Stlth   +++++++...              K - amulet of the acrobat
HPRegen 0.21/turn               p - ring of poison resistance
MPRegen 0.14/turn               F - +4 ring of protection

@: acrobatic, quick
A: very small, claws 1, fangs 3, see invisible, speed 1, shaggy fur 3, stealthy
paws, no weapons or thrown items, no armour, multi-lived
a: Renounce Religion, Berserk, Trog's Hand, Brothers in Arms


You were on level 1 of the Spider Nest.
You worshipped Trog.
Trog was exalted by your worship.
You visited 4 branches of the dungeon, and saw 24 of its levels.

You collected 2514 gold pieces.
You spent 450 gold pieces at shops.

Inventory:

Jewellery
 a - a ring of protection from cold
 d - an amulet of guardian spirit
 p - a ring of poison resistance (left paw)
 u - a +4 ring of slaying
 w - a ring of protection from fire
 x - an amulet of faith
 y - a +4 ring of protection
 D - the ring of Autumn {Ice Will+ rCorr Str+3 Int-4}
   (You found it on level 14 of the Dungeon)

   [ring of ice]

   It enhances your ice magic.
   Str:       It affects your strength (+3).
   Int:       It affects your intelligence (-4).
   rF:        It makes you vulnerable to fire.
   rC:        It protects you from cold.
   rCorr:     It protects you from acid and corrosion.
   Will:      It increases your willpower.
 E - a ring of positive energy
 F - a +4 ring of protection (right paw)
 K - an amulet of the acrobat (around neck)
Wands
 c - a wand of acid (19)
 g - a wand of paralysis (13)
 k - a wand of mindburst (15)
 A - a wand of charming (6)
 B - a wand of digging (12)
 H - a wand of polymorph (11)
Scrolls
 b - 2 scrolls of summoning
 i - a scroll of identify
 o - 5 scrolls of teleportation
 r - a scroll of magic mapping
 v - 2 scrolls of blinking
 C - a scroll of silence
 G - 2 scrolls of immolation
Potions
 e - 5 potions of heal wounds
 h - 7 potions of curing
 j - 3 potions of attraction
 l - 5 potions of might
 m - 2 potions of invisibility
 n - 2 potions of ambrosia
 q - 2 potions of mutation
 t - 4 potions of lignification
 z - a potion of flight
 J - 2 potions of haste
Miscellaneous
 s - a condenser vane


   Skills:
 + Level 13.6 Fighting
 + Level 20.5 Dodging
 + Level 18.2 Stealth
 + Level 18.4 Unarmed Combat
 * Level 3.7 Evocations


You had 13 spell levels left.
You didn't know any spells.
Your spell library was empty.

Dungeon Overview and Level Annotations

Branches:
Dungeon (15/15)            Temple (0/1) D:4            Lair (6/6) D:11
  Swamp (0/4) Lair:2       Spider (1/4) Lair:4        Slime (0/5) Lair:6
    Orc (2/2) D:10            Elf (0/3) Orc:2        Vaults (0/5) D:13
 Depths (0/4) D:15

Altars:
Ashenzari
Dithmenos
Fedhas
Hepliaklqana
Kikubaaqudgha
Makhleb
Okawaru
Ru
Sif Muna
Trog
Vehumet
Wu Jian
Yredelemnul
Zin
The Shining One
Beogh
Jiyva

Shops:
D:10 :(   D:15 =   Orc:2 [=(?

Annotations:
D:5 dig
Lair:4 4 transporters, Mexzic's ghost, journeyman TeCj
Lair:5 1 runed translucent door rF++ and flight, Mioxy's ghost, journeyman MiBe
Orc:1 3 runed translucent doors, Dabor's ghost, journeyman DDEE


Innate Abilities, Weirdness & Mutations

You have sharp claws.
You have razor-sharp teeth.
You have supernaturally acute eyesight. (SInv)
You cover ground quickly. (Speed+)
Your thick and shaggy fur keeps you warm. (AC +3, rC+)
Your paws help you pounce on unaware monsters.
You are incapable of wielding weapons or throwing items.
You cannot wear armour.
You gain extra lives every three experience levels.


Message History

The orb spider weaves a glowing orb of energy.
The orb of destruction hits a rock wall.
Aiming: Mindburst
Press: ? - help, Shift-Dir - straight line, f - orb spider
Aim: an orb spider (chance to affect: 64%)
The orb spider's mind is blasted!
The orb spider spins a strand of pure energy.
Aiming: Mindburst
Press: ? - help, Shift-Dir - straight line, f/p - orb spider
Aim: an orb spider (heavily wounded, fully charged, chance to affect: 64%)
The orb spider's mind is blasted!
Aiming: Mindburst
Press: ? - help, Shift-Dir - straight line, f/p - orb spider
Aim: an orb spider (almost dead, fully charged, chance to affect: 64%)
The orb spider's mind is blasted!
You blow up the orb spider!
Trog accepts your kill.
You see here a +0 whip.
The orb spider hisses angrily.
You hear an angry hiss. x2
The orb spider spins a strand of pure energy.
The orb spider begins to weave its threads into a brightly glowing ball.
The jumping spider hisses angrily.
You hear an angry buzzing noise.
The orb spider weaves a glowing orb of energy.
An orb of destruction comes into view.
The orb spider weaves a glowing orb of energy.
An orb of destruction comes into view.
The jumping spider leaps!
The orb of destruction hits you!!!
Ouch! That really hurt!
The jumping spider leaps!
The orb spider pulsates with a strange energy.
The orb of destruction hits a rock wall.
You see here a +0 whip.
The jumping spider leaps!
The orb spider weaves a glowing orb of energy.
An orb of destruction comes into view.
A jumping spider comes into view.
The orb of destruction hits you!!!
Ouch! That really hurt!
You die...

.........###...##.....### #####
.........##.......###..### #.##
#.......##.........####..## #..#
##.....###..........?###..###..##
###..#...............# ##...#...#
...######............# ##.......
###.## #......s....## ##...... #
##.# #...>.......## ##.#... ###
#.......@....## ##......
###....^...○....# ##..#^...
#..#.......○....###.###....
###.........○....#...###.##
##.##.....°°..?.......... ##
#.###......°............ ###^#
###########..°...........# ..#.#
#.........####°........<.#
...#####≈≈≈###≈≈≈#####.........##


You could see a jumping spider (wandering).

Vanquished Creatures
  Kirke (D:12)
  Louise (D:15)
  An emperor scorpion (Spider:1)
  An ettin (D:13)
  Erolcha (Orc:2)
  3 ogre magi
  7 hydras
  6 boulder beetles
  5 catoblepae
  6 centaur warriors
  A death knight (D:12)
  12 two-headed ogres
  10 death yaks
  Urug (Orc:1)
  A fire crab (Lair:6)
  A necromancer (D:15)
  A wizard (D:15)
  Pikel (D:5)
  An orc knight (D:15)
  A phantasmal warrior (D:13)
  A wolf spider (shapeshifter) (D:13)
  4 deep elf pyromancers
  A lindwurm (Lair:6)
  A wolf spider zombie (D:15)
  A manticore (shapeshifter) (D:15)
  8 orb spiders (Spider:1)
  9 orc sorcerers
  5 cyclopes
  5 manticores
  4 wolf spiders (Spider:1)
  10 elephants
  8 ugly things
  A moth of wrath (Lair:6)
  6 black mambas
  A naga mage (D:15)
  A torpor snail (Spider:1)
  14 cane toads
  3 gargoyles
  Maggie (D:7)
  4 rime drakes (Lair:4)
  An unseen horror (D:13)
  A yaktaur (D:15)
  An efreet (D:13)
  5 demonic crawlers
  A kobold demonologist (D:8)
  11 komodo dragons
  6 meliai (D:14)
  2 polar bears
  7 jumping spiders (Spider:1)
  3 hornets
  6 trolls
  A tyrant leech (Lair:6)
  10 blink frogs
  4 slime creatures (D:13)
  14 redbacks (Spider:1)
  2 shadows
  5 tarantellas (Spider:1)
  39 yaks
  A vampire (D:9)
  3 wraiths
  A human (shapeshifter) (D:13)
  3 wyverns
  7 basilisks
  9 vampire mosquitoes
  2 wargs
  4 swamp worms
  29 water moccasins
  Edmund (D:4)
  5 acid dragons
  12 orc warriors
  A sky beast (D:6)
  5 black bears
  An ice beast (D:7)
  A necrophage (D:4)
  14 ogres
  13 wolves
  9 centaurs
  3 phantoms
  3 kobold brigands (D:8)
  Blork the orc (D:4)
  5 gnoll sergeants
  12 bullfrogs
  6 scorpions
  A water moccasin zombie (D:6)
  10 killer bees
  14 howler monkeys
  6 centaur zombies
  9 hounds
  18 orc priests
  A gnoll shaman (D:8)
  3 centaur skeletons
  A bullfrog skeleton (D:4)
  Terence (D:3)
  4 iguanas
  A scorpion zombie (D:5)
  36 orc wizards
  4 hell rats (Lair:4)
  2 killer bee zombies
  6 ogre zombies (D:10)
  A hound skeleton (D:4)
  A howler monkey zombie (D:6)
  Robin (D:3)
  19 gnolls
  A howler monkey skeleton (D:5)
  8 adders
  2 shadow imps
  A white imp (D:8)
  An ufetubus (D:5)
  4 worms
  2 dart slugs
  52 orcs
  5 bats
  4 endoplasms
  3 giant cockroaches
  8 hobgoblins
  15 kobolds
  6 quokkas
  7 ball pythons
  5 frilled lizards
  14 goblins
  4 goblin zombies (D:10)
  A hobgoblin zombie (D:10)
  2 orc skeletons (D:10)
  12 orc zombies (D:10)
  2 rats
718 creatures vanquished.

Vanquished Creatures (collateral kills)
  Fannar (Lair:2)
1 creature vanquished.

Vanquished Creatures (others)
  An unseen horror (D:13)
  2 humans (D:12)
  An orc wizard (Orc:2)
  55 fungi
  64 plants
123 creatures vanquished.

Grand Total: 842 creatures vanquished

Notes
Turn   | Place    | Note
-------+----------+-------------------------------------------
     0 | D:1      | MirrMurr the Felid Berserker began the quest for the Orb.
     0 | D:1      | Reached XP level 1. HP: 10/10 MP: 2/2
    87 | D:1      | You fall into a shaft and drop 1 floor!
   239 | D:2      | Reached skill level 1 in Stealth
   239 | D:2      | Reached XP level 2. HP: 14/14 MP: 3/3
   926 | D:1      | Reached XP level 3. HP: 17/17 MP: 4/4
   936 | D:1      | Found a faded altar of an unknown god.
  1486 | D:2      | Identified a scroll of acquirement
  1486 | D:2      | Acquired a manual of Dodging
  1577 | D:2      | Reached ** piety under Trog
  1732 | D:2      | Reached XP level 4. HP: 19/21 MP: 5/5
  2372 | D:3      | Noticed Robin
  2395 | D:3      | Reached skill level 5 in Dodging
  2600 | D:3      | Found a glowing golden altar of the Shining One.
  2633 | D:3      | Found a basalt altar of Yredelemnul.
  2634 | D:3      | Found a burning altar of Makhleb.
  2790 | D:3      | Noticed Terence
  2800 | D:3      | Killed Terence
  3323 | D:3      | Killed Robin
  3324 | D:3      | Reached XP level 5. HP: 15/25 MP: 2/6
  3574 | D:3      | Reached *** piety under Trog
  3933 | D:4      | Noticed Blork the orc
  3947 | D:4      | Killed Blork the orc
  3948 | D:4      | Reached skill level 6 in Dodging
  4134 | D:4      | Gained mutation: You are covered in thick fur. (AC +2)
                  | [Felid growth]
  4134 | D:4      | Reached XP level 6. HP: 24/28 MP: 7/7
  4238 | D:4      | Reached skill level 5 in Unarmed Combat
  4444 | D:4      | Found a shimmering blue altar of Sif Muna.
  4536 | D:4      | Found a radiant altar of Vehumet.
  4568 | D:4      | Found a staircase to the Ecumenical Temple.
  4719 | D:4      | Reached skill level 7 in Dodging
  4719 | D:4      | Reached XP level 7. HP: 25/33 MP: 5/8
  4859 | D:4      | Found a faded altar of an unknown god.
  5041 | D:4      | Noticed Edmund
  5059 | D:4      | Killed Edmund
  5232 | D:4      | Found an ornate altar of the Wu Jian Council.
  5232 | D:4      | Found a broken altar of Ashenzari.
  5307 | D:5      | Entered Level 5 of the Dungeon
  5420 | D:5      | Reached skill level 5 in Stealth
  5674 | D:5      | Noticed Pikel
  5738 | D:5      | Killed Pikel
  5739 | D:5      | Reached skill level 5 in Fighting
  5739 | D:5      | Reached skill level 9 in Dodging
  5739 | D:5      | Reached XP level 8. HP: 19/37 MP: 3/9
  6089 | D:5      | Found a blossoming altar of Fedhas.
  6552 | D:5      | Found a glowing silver altar of Zin.
  6905 | D:6      | Reached **** piety under Trog
  7012 | D:6      | Found a hazy altar of Hepliaklqana.
  7071 | D:6      | Reached skill level 10 in Dodging
  7223 | D:6      | Reached XP level 9. HP: 15/41 MP: 1/10
  7735 | D:7      | Found a sacrificial altar of Ru.
  7982 | D:7      | Noticed Maggie
  7989 | D:7      | Killed Maggie
  7990 | D:7      | Reached skill level 11 in Dodging
  8136 | D:7      | Identified the +2 leather armour of the Black Moon {Int+6}
  9104 | D:8      | Reached skill level 12 in Dodging
  9442 | D:8      | Reached XP level 10. HP: 46/46 MP: 8/11
  9638 | D:8      | Reached ***** piety under Trog
 10357 | D:8      | Reached skill level 10 in Unarmed Combat
 10707 | D:8      | Noticed a soul eater
 10963 | D:8      | Reached skill level 13 in Dodging
 11272 | D:8      | Killed from afar by an orc priest
 11273 | D:8      | Reached XP level 9. HP: -8/43 MP: 0/10
 11295 | D:8      | Reached skill level 10 in Stealth
 12762 | D:9      | Found an ancient bone altar of Kikubaaqudgha.
 12800 | D:9      | Reached XP level 10. HP: 48/48 MP: 11/11
 12948 | D:9      | HP: 2/48 [centaur/arrow (7)]
 13338 | D:9      | Reached skill level 14 in Dodging
 14436 | D:10     | Entered Level 10 of the Dungeon
 14472 | D:10     | Found Jeuxzo Jitath's Antique Weapon Boutique.
 14512 | D:10     | Found Yxase's Book Emporium.
 14555 | D:10     | Noticed a two-headed ogre
 14644 | D:10     | Found a staircase to the Orcish Mines.
 14886 | D:10     | Killed a two-headed ogre
 14923 | D:10     | Found Qitocziy's Distillery.
 14942 | D:10     | Found a bloodstained altar of Trog.
 15070 | D:10     | Noticed a gargoyle
 15077 | D:10     | Killed a gargoyle
 15685 | D:11     | Found a staircase to the Lair.
 15784 | D:11     | Reached skill level 15 in Dodging
 15784 | D:11     | Reached XP level 11. HP: 52/52 MP: 12/12
 16372 | Lair:1   | Entered Level 1 of the Lair of Beasts
 16373 | Lair:1   | Upgraded the game from 0.28-a0-518-g36894cfc38 to
                  | 0.28-a0-528-g4b98be1b05
 17315 | Lair:1   | Reached ****** piety under Trog
 17623 | Lair:1   | Reached skill level 16 in Dodging
 17962 | Lair:2   | Noticed a seven-headed hydra
 18003 | Lair:2   | Noticed Fannar
 18033 | Lair:2   | Killed Fannar
 18895 | Lair:2   | Gained mutation: Your thick and shaggy fur keeps you warm.
                  | (AC +3, rC+) [Felid growth]
 18895 | Lair:2   | Reached XP level 12. HP: 35/58 MP: 8/13
 19346 | Lair:2   | Killed a seven-headed hydra
 19397 | Lair:2   | Found a staircase to the Swamp.
 19668 | Lair:3   | Noticed a boulder beetle
 19696 | Lair:3   | Reached skill level 17 in Dodging
 19821 | Lair:3   | Reached skill level 10 in Fighting
 19876 | Lair:3   | Noticed a seven-headed hydra
 20259 | Lair:3   | Killed a seven-headed hydra
 20317 | Lair:3   | Killed a boulder beetle
 20743 | Lair:4   | Found a transporter.
 20757 | Lair:4   | Found a hole to the Spider Nest.
 20808 | Lair:4   | Noticed a death yak
 20810 | Lair:4   | Noticed a death yak
 20866 | Lair:4   | Killed a death yak
 20869 | Lair:4   | Killed a death yak
 20873 | Lair:4   | Noticed a death yak
 20878 | Lair:4   | Noticed a death yak
 20883 | Lair:4   | Noticed a death yak
 21073 | Lair:4   | Found a transporter.
 21098 | Lair:4   | Found a transporter.
 21102 | Lair:4   | Noticed Mexzic's ghost (journeyman TeCj)
 21177 | Lair:4   | Noticed a six-headed hydra
 21305 | Lair:4   | Found a transporter.
 21760 | Lair:4   | Noticed an eight-headed hydra
 21807 | Lair:4   | HP: 1/58 [rime drake/flash freeze (13)]
 22058 | Lair:4   | Killed a death yak
 22065 | Lair:4   | Killed a death yak
 22465 | Lair:4   | Noticed a catoblepas
 22492 | Lair:3   | Noticed a catoblepas
 22623 | Lair:4   | Killed a catoblepas
 22624 | Lair:4   | Reached XP level 13. HP: 62/62 MP: 12/14
 23380 | Lair:5   | Reached skill level 18 in Dodging
 23486 | Lair:3   | Reached skill level 15 in Unarmed Combat
 23870 | Lair:5   | Found a runed translucent door.
 23870 | Lair:5   | Noticed Mioxy's ghost (journeyman MiBe)
 24024 | Lair:6   | Entered Level 6 of the Lair of Beasts
 24583 | Lair:5   | Reached skill level 15 in Stealth
 25226 | Lair:6   | Found a viscous altar of Jiyva.
 25226 | Lair:6   | Found a staircase to the Slime Pits.
 25465 | Lair:6   | Killed from afar by a swamp worm
 25466 | Lair:6   | Reached XP level 12. HP: -9/60 MP: 0/13
 25543 | Lair:6   | Killed a catoblepas
 25544 | Lair:6   | Reached XP level 13. HP: 64/64 MP: 9/14
 26579 | D:12     | Noticed Kirke
 26588 | D:12     | Killed Kirke
 26676 | D:12     | Reached skill level 19 in Dodging
 27121 | D:13     | Killed from afar by an efreet
 27122 | D:13     | Reached XP level 12. HP: -13/61 MP: 0/13
 27138 | D:13     | Killed a centaur warrior
 27145 | D:13     | Killed a centaur warrior
 27186 | D:13     | Noticed a centaur warrior
 27529 | D:13     | Killed a centaur warrior
 27814 | D:13     | Reached XP level 13. HP: 64/64 MP: 14/14
 28085 | D:13     | Noticed an ettin
 28091 | D:13     | Killed an ettin
 28098 | D:13     | Found a gate to the Vaults.
 28919 | D:14     | Identified the ring of Autumn {Ice Will+ rCorr Str+3 Int-4}
 29620 | D:15     | Entered Level 15 of the Dungeon
 30636 | D:15     | Reached XP level 14. HP: 46/69 MP: 15/15
 30771 | D:15     | Found a shadowy altar of Dithmenos.
 30791 | D:15     | Found Sougeb's Jewellery Shop.
 30801 | D:15     | Bought a ring of protection from fire for 450 gold pieces
 31090 | D:15     | Found a staircase to the Depths.
 31240 | D:15     | Noticed Louise
 31251 | D:15     | Killed Louise
 31252 | D:15     | Reached skill level 20 in Dodging
 32301 | Orc:1    | Entered Level 1 of the Orcish Mines
 32339 | Orc:1    | You fall into a shaft and drop 1 floor!
 32339 | Orc:2    | Entered Level 2 of the Orcish Mines
 32355 | Orc:2    | Found a staircase to the Elven Halls.
 32507 | Orc:1    | Found a runed translucent gate.
 32508 | Orc:1    | Found a runed translucent gate.
 32508 | Orc:1    | Noticed an orc warlord
 32509 | Orc:1    | Found a runed translucent gate.
 32509 | Orc:1    | Noticed Dabor's ghost (journeyman DDEE)
 32681 | Orc:1    | Found a shimmering blue altar of Sif Muna.
 32737 | Orc:1    | Noticed Urug
 32744 | Orc:1    | Killed Urug
 32903 | Orc:1    | Found an iron altar of Okawaru.
 33554 | Orc:2    | Found Relip's Jewellery Emporium.
 33593 | Orc:2    | Found an ancient bone altar of Kikubaaqudgha.
 33610 | Orc:2    | Found Wouddor's Antique Weapon Emporium.
 33646 | Orc:2    | Noticed Erolcha
 33654 | Orc:2    | Paralysed by an ogre mage for 6 turns
 33658 | Orc:2    | Killed from afar by an ogre mage
 33659 | Orc:2    | Reached XP level 13. HP: -4/66 MP: 14/14
 33690 | Orc:2    | Found Imamu Xocue's Magic Scroll Shoppe.
 33735 | Orc:2    | Found a radiant altar of Vehumet.
 33747 | Orc:2    | Killed Erolcha
 33886 | Orc:2    | Found Bohiq's Antique Armour Shoppe.
 34089 | Orc:2    | Upgraded the game from 0.28-a0-528-g4b98be1b05 to
                  | 0.28-a0-533-g9f97627e2a
 34324 | Spider:1 | Entered Level 1 of the Spider Nest
 34334 | Spider:1 | Noticed an emperor scorpion
 34338 | Spider:1 | Killed an emperor scorpion
 34339 | Spider:1 | Reached skill level 1 in Evocations
 35620 | Spider:1 | Reached XP level 14. HP: 70/70 MP: 15/15
 36073 | Spider:1 | Noticed an emperor scorpion
 36622 | Spider:1 | Blown up by an orb spider

Illustrated notes

Levels and vault maps discovered:
D:1:      erik_arrival_cave_to_civilisation [erik_arrival_cave_to_hall],
          layout_basic, dreamdust_ecumenical_altar_angels_and_demons,
          serial_rivers, chequers_serial_rivers_micro_d,
          chequers_serial_rivers_micro_b, chequers_serial_rivers_micro_b,
          chequers_serial_rivers_room_a, chequers_serial_rivers_small_b,
          minmay_misc_feat_square
D:2:      layout_loops_corners, minmay_pentomino_w4
D:3:      layout_basic, old_standard_altar, mainiacjoe_overflow_divided_tiny,
          uniq_terence, uniq_robin
D:4:      layout_cave_pods, gammafunk_temple_overflow_elements,
          nicolae_vehumet_altar_sigil, marbit_many_paths,
          minmay_temple_entry_gardened_gates, serial_column_ruins,
          column_ruins_temple_hall, column_ruins_grid_3,
          column_ruins_open_small, column_ruins_columns_straight,
          column_ruins_open_medium, column_ruins_corridor_water,
          column_ruins_corridor_corner, uniq_edmund, uniq_blork_the_orc
D:5:      layout_loops_ring, mainiacjoe_overflow_boulevard, zin_treasury,
          kennysheep_donut, uniq_pikel
D:6:      layout_basic, mainiacjoe_overflow_alcove_4
D:7:      layout_basic, overflow_temple_1_default, uniq_maggie
D:8:      lemuel_castle_with_subvaults [lemuel_castle_interior_original],
          layout_basic
D:9:      layout_loops_ring, nicolae_kikubaaqudgha_miasma_corner
D:10:     layout_grid_maze, amcnicky_altar_gilded, zombieorc1_lemuel,
          serial_shops, nicolae_square_shop, nicolae_diamond_shop,
          nicolae_shop_temple_entry_statues_fountains
D:11:     layout_irregular_city, minmay_lair_entry_grove, gauntlet_entry_generic
D:12:     layout_rooms, uniq_kirke
D:13:     layout_rooms, david_vaults_4, chequers_serial_rivers_micro_b
D:14:     layout_gridville, kennysheep_cross_bottleneck
D:15:     grunt_enter_depths_magical_seal, layout_loops_corners,
          nicolae_dithmenos_shadow_blocks, serial_shops, shop_fountains,
          uniq_louise
Lair:1:   layout_concentric_octagons, beast_lair_carwin_5
Lair:2:   layout_cave_pods, palyth_hydra_swamp_entry, beast_lair_carwin_8,
          grunt_megastairs_3, uniq_fannar
Lair:3:   layout_regular_city, kennysheep_catoblepas_arena
Lair:4:   gammafunk_cloud_chamber, layout_cave_pods,
          nicolae_spider_entry_non_spiders, portal_ice_cave_rime,
          gammafunk_ghost_berserking_beasts, beast_lair_carwin_1
Lair:5:   layout_hall_layers, ebering_ghost_inner_flame, minmay_lindwurm_lava
Lair:6:   hangedman_lair_in_review, layout_loops_ring, slime_altar_1,
          worms_lemuel
Spider:1: layout_chambers, special_room [special_room_bee],
          nicolae_spider_orb_run
Orc:1:    layout_caves, gammafunk_ghost_fury_of_okawaru,
          kennysheep_orc_sif_temple, uniq_urug
Orc:2:    kennysheep_orc_mage_school, layout_caves, uniq_erolcha

Skill      XL: |  1  2  3  4  5  6  7  8  9 10 11 12 13 14 |
---------------+-------------------------------------------+-----
Stealth        | 1 2 3 4 6 7 10 11 12 14 18 | 18.2
Dodging        | 5 6 7 9 10 12 15 16 17 19 20 | 20.5
Unarmed Combat | 4 5 7 8 11 10 13 14 17 18 | 18.4
Fighting       | 4 5 6 8 9 10 12 13 | 13.6
Evocations     | 2 3 |  3.7

Action                   |  1- 3 |  4- 6 |  7- 9 | 10-12 | 13-15 || total
-------------------------+-------+-------+-------+-------+-------++-------
Melee: Unarmed           |    87 |   141 |   403 |   806 |   964 ||  2401
       Bite              |     5 |    18 |    53 |   121 |   131 ||   328
       Punch             |     1 |     6 |    20 |    76 |   107 ||   210
Invok: Berserk           |       |     5 |    11 |    12 |    16 ||    44
       Trog's Hand       |       |       |     3 |     8 |     5 ||    16
       Brothers in Arms  |       |       |       |     1 |       ||     1
Evoke: Wand              |       |       |       |       |    25 ||    25
  Use: Scroll            |     3 |     2 |    13 |     7 |     9 ||    34
       Potion            |       |       |     1 |     1 |       ||     2
 Stab: Sleeping          |     6 |     6 |    15 |    37 |    55 ||   119
       Distracted        |       |       |       |     5 |     9 ||    14
Armor: Skin              |     6 |     4 |    10 |    26 |    45 ||    91
Dodge: Dodged            |    66 |    95 |   376 |   841 |  1071 ||  2449

Table legend: (Time is in decaauts)
 A = Elapsed time spent in this place.
 B = Non-inter-level travel time spent in this place.
 C = Inter-level travel time spent in this place.
 D = Time resting spent in this place.
 E = Time spent auto-exploring this place.
 F = Levels seen in this place.
 G = Mean time per level.
                   A        B        C        D        E       F      G
               +--------+--------+--------+--------+--------+-----+--------+
         Total |  32610 |  30493 |   2117 |   3361 |  21286 |  24 | 1358.8 |
       Dungeon |  19831 |  18616 |   1215 |   1576 |  14017 |  15 | 1322.1 |
          Lair |   9145 |   8373 |    772 |   1001 |   5433 |   6 | 1524.2 |
   Spider Nest |   2062 |   2017 |     45 |    763 |    707 |   1 | 2062.0 |
  Orcish Mines |   1571 |   1487 |     84 |     20 |   1128 |   2 |  785.5 |
               +--------+--------+--------+--------+--------+-----+--------+

Top non-repeatable levels by time:
     D:8: 3285 daAuts
    D:14: 2201 daAuts
Spider:1: 2062 daAuts
  Lair:4: 1957 daAuts
     D:7: 1839 daAuts
  Lair:3: 1637 daAuts
  Lair:5: 1628 daAuts
     D:4: 1509 daAuts
  Lair:2: 1472 daAuts
    D:15: 1457 daAuts
     D:2: 1406 daAuts
     D:9: 1383 daAuts
     D:3: 1335 daAuts
  Lair:1: 1309 daAuts
  Lair:6: 1140 daAuts
